 Dungeon Crawl Stone Soup version 0.26-a0-812-g31a745ddcd (webtiles) character file.

Game seed: 11487705961215248469

83282 loralnil the Unseen (level 15, -7/63 HPs)
             Began as a Spriggan Enchanter on Dec 4, 2020.
             Was the Champion of Dithmenos.
             Shot with a bolt by an orc knight (20 damage)
             ... on level 2 of the Orcish Mines on Dec 5, 2020.
             The game lasted 01:06:19 (28091 turns).

loralnil the Unseen (Spriggan Enchanter)           Turns: 28091, Time: 01:06:19

Health: -7/63      AC:  7    Str: 11    XL:     15   Next: 31%
Magic:  19/34      EV: 35    Int: 24    God:    Dithmenos [******]
Gold:   1504       SH:  0    Dex: 22    Spells: 22/43 levels left

rFire    . . .     SeeInvis +   K - +2 dagger (venom)
rCold    . . .     Faith    .   (shield restricted)
rNeg     . . .     Spirit   .   C - +2 robe {Archmagi}
rPois    .         Reflect  .   (helmet restricted)
rElec    .         Harm     .   p - +2 cloak {rCorr}
rCorr    +         Rampage  .   (gloves unavailable)
MR       ++...                  (boots unavailable)
Stlth    ++++++++++             B - amulet "Duppih" {Acrobat Str+7}
HPRegen  0.20/turn              c - ring of stealth
MPRegen  0.24/turn              n - +6 ring of intelligence

@: wreathed by umbra, very quick
A: very small, unfitting armour, see invisible, speed 3
a: Shadow Step, Shadow Form, Renounce Religion


You were on level 2 of the Orcish Mines.
You worshipped Dithmenos.
Dithmenos was exalted by your worship.
You visited 4 branches of the dungeon, and saw 24 of its levels.
You also visited: Bailey.

You collected 1781 gold pieces.
You spent 277 gold pieces at shops.

Inventory:

Hand Weapons
 K - a +2 dagger of venom (weapon)
Armour
 l - the cursed +0 robe of the Clam {-Cast rElec rPois rF+, unknown}
   (You bought it in a shop on level 2 of the Orcish Mines)

   It protects you from fire.
   It insulates you from electricity.
   It protects you from poison.
   It prevents spellcasting.
   It has a curse placed upon it.
 p - a +2 cloak of preservation (worn)
 C - a +2 robe of the Archmagi (worn)
Jewellery
 c - a ring of stealth (left hand)
 h - an uncursed ring of wizardry
 n - a +6 ring of intelligence (right hand)
 o - an uncursed ring of poison resistance
 r - an uncursed ring of magical power
 u - an uncursed ring of protection from fire
 B - the amulet "Duppih" (around neck) {Acrobat Str+7}
   (You found it on level 11 of the Dungeon)

   [amulet of the acrobat]

   It helps you evade while moving and waiting.
   It affects your strength (+7).
 L - the ring "Pasicoesh" {rElec rF+ rC+ MR-}
   (You found it on level 11 of the Dungeon)

   [ring of protection from cold]

   It protects you from fire.
   It protects you from cold.
   It insulates you from electricity.
   It affects your resistance to hostile enchantments.
 V - an uncursed ring of positive energy
Wands
 t - a wand of disintegration (33)
 x - a wand of digging (8)
Scrolls
 b - 5 scrolls of enchant armour
 d - 10 scrolls of enchant weapon
 e - 7 scrolls of remove curse
 g - 6 scrolls of blinking
 k - 3 scrolls of fear
 m - 4 scrolls of magic mapping
 q - 11 scrolls of teleportation
 y - 3 scrolls of amnesia
 z - a scroll of summoning
 A - 2 scrolls of vulnerability
 E - 3 scrolls of fog
 F - 2 scrolls of acquirement {unknown}
 Q - a scroll of brand weapon {unknown}
Potions
 a - 2 potions of attraction
 f - 3 potions of mutation
 i - 12 potions of curing
 j - 8 potions of might
 s - 4 potions of invisibility
 v - 4 potions of haste
 w - 3 potions of brilliance
 D - 3 potions of berserk rage
 G - 7 potions of heal wounds
 I - 2 potions of lignification
 R - a potion of flight
 S - a potion of resistance
 W - a potion of cancellation
 X - 6 potions of ambrosia


   Skills:
 + Level 13.3 Short Blades
 + Level 16.8 Dodging
 + Level 18.2 Stealth
 + Level 14.6 Spellcasting
 + Level 10.8 Hexes
 - Level 6.0 Transmutations
 - Level 5.0 Ice Magic
 - Level 4.0 Earth Magic
 - Level 3.0 Invocations


You had 22 spell levels left.
You knew the following spells:

 Your Spells              Type           Power        Failure   Level
a - Corona                Hex            #######      1%          1
b - Ensorcelled Hibernat  Hex/Ice        ######       1%          2
c - Confusing Touch       Hex            #######.     1%          3
d - Dazzling Flash        Conj/Hex       ######       1%          3
e - Petrify               Tmut/Erth      ######..     4%          4
f - Swiftness             Air            ####....     4%          2
g - Invisibility          Hex            #######.     6%          6

Your spell library contained the following spells:

 Spells                   Type           Power        Failure   Level
 Sandblast                Erth           ######       1%          1
 Passwall                 Tmut/Erth      ######..     1%          2
 Summon Guardian Golem    Hex/Summ       ######..     1%          3
 Tukima's Dance           Hex            #######.     1%          3
 Animate Skeleton         Necr           ####..       3%          1
 Apportation              Tloc           ####..       3%          1
 Pain                     Necr           ####         3%          1
 Shock                    Conj/Air       ####         3%          1
 Summon Small Mammal      Summ           ####         3%          1
 Metabolic Englaciation   Hex/Ice        ######....   3%          5
 Yara's Violent Unravell  Hex/Tmut       ######....   3%          5
 Corpse Rot               Necr/Air       N/A          4%          2
 Sublimation of Blood     Necr           ####......   4%          2
 Stone Arrow              Conj/Erth      #####.       4%          3
 Gell's Gravitas          Tloc           ####......   10%         3
 Static Discharge         Conj/Air       ####....     10%         3
 Vampiric Draining        Necr           ####......   10%         3
 Summon Mana Viper        Hex/Summ       ######..     10%         5
 Lee's Rapid Deconstruct  Erth           ######....   19%         5
 Airstrike                Air            ####......   32%         4
 Animate Dead             Necr           ####......   32%         4
 Dispel Undead            Necr           ####....     32%         4
 Passage of Golubria      Tloc           N/A          32%         4
 Agony                    Necr           ####....     67%         5
 Excruciating Wounds      Necr           ####......   67%         5
 Lightning Bolt           Conj/Air       ####......   67%         5


Dungeon Overview and Level Annotations

Branches:
Dungeon (15/15)            Temple (1/1) D:6            Lair (6/6) D:11
  Swamp (0/4) Lair:3       Spider (0/4) Lair:2        Slime (0/5) Lair:6
    Orc (2/2) D:11            Elf (0/3) Orc:2        Vaults (0/5) D:13
 Bailey (visited)
 Depths: D:15

Altars:
Ashenzari
Cheibriados
Dithmenos
Fedhas
Gozag
Hepliaklqana
Kikubaaqudgha
Makhleb
Nemelex Xobeh
Qazlal
Ru
Sif Muna
Vehumet
Wu Jian
Xom
Yredelemnul
Zin
The Shining One
Beogh

Shops:
D:6 :   D:13 *   Orc:2 =*[}

Annotations:
D:4 1 runed translucent door
Lair:3 exclusion: 2 oklob plants


Innate Abilities, Weirdness & Mutations

You are very small and have problems with some larger weapons.
You are too small for most types of armour.
You have supernaturally acute eyesight. (SInv)
You cover ground extremely quickly.


Message History

The orc warrior misses you. The centaur barely misses you.
You closely miss the orc warrior.
Your shadow hits the orc warrior but does no damage.
The orc knight unwields a +0 great mace.
The orc knight wields a +0 arbalest.
The orc knight shoots a bolt.
The bolt completely misses you.
Casting: Ensorcelled Hibernation (safe; 1% risk of failure)
Confirm with . or Enter, or press ? or * to list all spells.
Aiming: Ensorcelled Hibernation (safe; 1% risk of failure)
Press: ? - help, Shift-Dir - straight line, f - centaur, p - orc warrior
Aim: a centaur, quivering 20 arrows (umbra, chance to defeat MR: 72%)
You feel a surge of power!
The centaur looks drowsy...
The orc warrior completely misses you.
The helpless centaur fails to defend itself.
You perforate the centaur like a sieve!!!!!
You kill the centaur!
Dithmenos accepts your kill. The orc warrior completely misses you.
The orc knight shoots a bolt.
The bolt hits you!!
You die...

......$...,,,,,,,,,,,,,,,,,,,,,,,
..........,....,,....,,,*,,,,,,,,
...........,....,...,,,,,,,,,,,,,
##...###...##..##..##,,,,,,,,**,,
...≈≈# #≈≈.o........##,.,*,,,,**,
..≈≈≈# #≈≈≈..........#..*,,,,,*,,
≈≈≈≈#####≈≈≈≈(.((.......,,,,,,,*,
≈≈####∩##*#≈≈≈≈).....#,,*,,,,,*,,
≈####...####≈≈≈≈@....#.,***,****,
......∩.((..()()o)(.....* *** *,,
......∩(.((())..(.......** **,
≈####...####≈≈≈≈.....#..,* *,,
≈≈####∩####≈≈≈≈......#,.** **,
≈≈≈≈#####≈≈≈≈.(.(......,,* **
..≈≈≈# #≈≈≈..........#..,* ...≈≈#
#≈≈..........##..**
##...###...##..##..##,,,*


You could see an orc knight and an orc warrior (strong).

Vanquished Creatures
  The ghost of MoonlitKnight the Severer, a journeyman HOMo of Beogh (Lair:4)
  2 entropy weavers
  Harold (Lair:2)
  4 boulder beetles
  4 hydras
  A two-headed ogre (D:14)
  2 centaur warriors
  A catoblepas (Lair:6)
  A deep troll shaman (Lair:6)
  A queen ant (Lair:5)
  5 death yaks
  Nergalle (D:10)
  A death drake (shapeshifter) (D:13)
  3 unseen horrors
  A bog body (Lair:3)
  5 orc knights
  2 deep elf magi
  9 ugly things
  A wolf spider (Lair:4)
  3 cyclopes
  A manticore (D:11)
  14 elephants
  6 black mambas
  3 centaur zombies
  A torpor snail (Lair:4)
  4 gargoyles
  14 cane toads
  3 rime drakes
  8 komodo dragons
  7 trolls
  A wind drake (shapeshifter) (D:13)
  A queen bee (Lair:5)
  3 meliai (Lair:5)
  3 hornets
  4 polar bears
  16 blink frogs
  6 slime creatures (D:12)
  5 dream sheep (Lair:6)
  5 wyverns
  2 redbacks (Lair:2)
  60 yaks
  A shadow (D:11)
  A wraith (D:13)
  A vampire (D:11)
  A yak (shapeshifter) (D:13)
  4 basilisks
  Menkaure (D:4)
  2 vampire mosquitoes (D:12)
  23 soldier ants
  14 water moccasins
  4 sky beasts
  6 ogres
  31 orc warriors
  3 black bears
  5 boggarts (D:14)
  2 eyes of draining
  5 ice beasts
  A necrophage (D:13)
  6 phantoms
  15 wolves
  25 centaurs
  3 big kobolds
  17 bullfrogs
  2 wyvern zombies (D:11)
  A wyvern skeleton (D:11)
  7 scorpions
  33 killer bees
  11 wights
  An electric eel (D:14)
  6 howler monkeys
  A bullfrog zombie (D:5)
  A quasit (D:8)
  Crazy Yiuf (D:2)
  A bullfrog skeleton (D:10)
  14 orc priests
  4 hounds
  7 jellies
  4 centaur skeletons
  A gnoll shaman (Orc:1)
  4 iguanas
  Terence (D:3)
  15 orc wizards
  32 worker ants
  2 worker ant zombies (D:11)
  13 gnolls
  30 adders
  2 shadow imps
  A white imp (D:10)
  3 ufetubi
  2 oozes
  7 worms
  3 dart slugs
  10 leopard geckos
  117 orcs
  A ball python (D:3)
  12 giant cockroaches
  6 hobgoblins
  13 jackals
  17 kobolds
  2 quokkas
  11 bats
  7 frilled lizards
  8 goblins
  A quokka skeleton (D:4)
  10 rats
812 creatures vanquished.

Vanquished Creatures (others)
  45 fungi
  109 plants
154 creatures vanquished.

Grand Total: 966 creatures vanquished

Notes
Turn   | Place    | Note
-------+----------+-------------------------------------------
     0 | D:1      | loralnil the Spriggan Enchanter began the quest for the
                  | Orb.
     0 | D:1      | Reached XP level 1. HP: 9/9 MP: 5/5
   275 | D:1      | Reached XP level 2. HP: 13/13 MP: 4/6
   293 | D:1      | Learned a level 2 spell: Ensorcelled Hibernation
   742 | D:1      | Reached XP level 3. HP: 16/16 MP: 8/8
  1095 | D:2      | Found a runed translucent door.
  1096 | D:2      | Noticed Crazy Yiuf
  1335 | D:2      | Reached skill level 5 in Stealth
  1534 | D:2      | Reached XP level 4. HP: 18/21 MP: 6/10
  2320 | D:2      | Killed Crazy Yiuf
  2320 | D:2      | Reached skill level 1 in Ice Magic
  2382 | D:3      | Noticed Terence
  2392 | D:3      | Killed Terence
  2392 | D:3      | Reached XP level 5. HP: 24/24 MP: 8/11
  2753 | D:3      | Found an ancient bone altar of Kikubaaqudgha.
  3094 | D:4      | Found a glowing silver altar of Zin.
  3094 | D:4      | Found a runed translucent door.
  3094 | D:4      | Noticed an angel
  3100 | D:4      | Reached XP level 6. HP: 28/28 MP: 13/13
  3149 | D:4      | Reached skill level 5 in Dodging
  3149 | D:4      | Reached skill level 6 in Stealth
  3400 | D:4      | Reached skill level 5 in Hexes
  3422 | D:4      | Learned a level 3 spell: Confusing Touch
  3617 | D:4      | Noticed Menkaure
  3641 | D:4      | Killed Menkaure
  3641 | D:4      | Reached XP level 7. HP: 32/32 MP: 11/15
  4086 | D:5      | Entered Level 5 of the Dungeon
  4239 | D:5      | Reached skill level 5 in Spellcasting
  4266 | D:5      | Reached skill level 7 in Stealth
  4763 | D:5      | Reached XP level 8. HP: 36/36 MP: 17/17
  4992 | D:6      | Found a staircase to the Ecumenical Temple.
  5004 | Temple   | Entered the Ecumenical Temple
  5059 | Temple   | Became a worshipper of Dithmenos the Shadowed
  5079 | D:6      | Reached skill level 8 in Stealth
  5436 | D:6      | Found Bieck's Book Shop.
  5483 | D:6      | Reached skill level 5 in Short Blades
  6113 | D:7      | Learned a level 3 spell: Dazzling Flash
  6178 | D:6      | Reached skill level 9 in Stealth
  6386 | D:7      | Reached * piety under Dithmenos
  6386 | D:7      | Reached XP level 9. HP: 39/39 MP: 15/20
  7337 | D:7      | Reached ** piety under Dithmenos
  7688 | D:7      | Reached skill level 10 in Stealth
  8332 | D:8      | Reached skill level 1 in Invocations
  8770 | D:8      | Found a burning altar of Makhleb.
  9021 | D:9      | Reached *** piety under Dithmenos
  9050 | D:9      | Reached XP level 10. HP: 44/44 MP: 18/23
  9331 | D:9      | Learned a level 4 spell: Petrify
  9423 | D:9      | Learned a level 2 spell: Swiftness
 10026 | D:10     | Entered Level 10 of the Dungeon
 10043 | D:10     | Reached skill level 11 in Stealth
 10276 | D:10     | Reached skill level 10 in Dodging
 10580 | D:10     | Reached **** piety under Dithmenos
 10850 | D:10     | Noticed Nergalle
 10860 | D:10     | Killed Nergalle
 10951 | D:10     | Noticed an unseen horror
 11029 | D:10     | Killed an unseen horror
 11171 | D:11     | Reached XP level 11. HP: 44/47 MP: 20/25
 11439 | D:11     | Found a staircase to the Lair.
 11450 | D:11     | Found a staircase to the Orcish Mines.
 11624 | D:11     | Reached skill level 12 in Stealth
 11628 | D:11     | Reached skill level 1 in Transmutations
 12054 | D:11     | Noticed a boulder beetle
 12120 | D:11     | Killed a boulder beetle
 12282 | D:11     | Noticed a six-headed hydra
 12288 | D:11     | Killed a six-headed hydra
 12513 | D:11     | Reached skill level 10 in Spellcasting
 12676 | D:11     | Noticed a green ugly thing
 12688 | D:11     | Killed a green ugly thing
 12688 | D:11     | Reached skill level 13 in Stealth
 12688 | D:11     | Reached skill level 5 in Ice Magic
 12695 | D:11     | Got a pitted sapphire amulet
 12698 | D:11     | Got a coiled wooden ring
 13059 | D:12     | Noticed a centaur warrior
 13357 | D:12     | Reached XP level 12. HP: 51/51 MP: 27/27
 14137 | D:12     | Killed a centaur warrior
 14377 | D:13     | Found a gate to the Vaults.
 14610 | D:13     | Reached skill level 14 in Stealth
 14674 | D:13     | Reached ***** piety under Dithmenos
 14713 | D:13     | Noticed Sonja
 14722 | D:13     | Reached skill level 10 in Short Blades
 14965 | D:13     | Noticed a centaur warrior
 15180 | D:13     | Found Mugoh's Assorted Antiques.
 15188 | D:13     | Bought a scroll of identify for 56 gold pieces
 15271 | D:14     | Noticed a two-headed ogre
 15289 | D:14     | Noticed a boulder beetle
 15366 | D:13     | Killed a boulder beetle
 15403 | D:14     | Killed a two-headed ogre
 15427 | D:14     | Noticed a two-headed ogre
 15545 | D:14     | Noticed a death knight
 15876 | D:14     | Noticed a boulder beetle
 15883 | D:14     | Killed a boulder beetle
 15917 | D:14     | Reached skill level 15 in Stealth
 16127 | D:14     | Reached XP level 13. HP: 55/55 MP: 28/30
 16327 | D:14     | Found a glowing golden altar of the Shining One.
 16853 | D:15     | Entered Level 15 of the Dungeon
 17024 | Lair:1   | Entered Level 1 of the Lair of Beasts
 17747 | Lair:1   | Reached skill level 16 in Stealth
 18088 | Lair:2   | Identified the amulet "Duppih" {Acrobat Str+7} (You found
                  | it on level 11 of the Dungeon)
 18197 | Lair:2   | Noticed Harold
 18202 | Lair:2   | Killed Harold
 18430 | Lair:2   | Reached skill level 15 in Dodging
 18600 | Lair:2   | Found a sacrificial altar of Ru.
 18637 | Lair:2   | Found a hole to the Spider Nest.
 18855 | Lair:3   | Reached ****** piety under Dithmenos
 18904 | Lair:3   | Reached skill level 1 in Earth Magic
 19149 | Lair:3   | Found a staircase to the Swamp.
 19539 | Lair:3   | Reached skill level 5 in Transmutations
 19733 | Lair:3   | Reached XP level 14. HP: 59/59 MP: 27/32
 20740 | Lair:4   | Learned a level 6 spell: Invisibility
 20798 | Lair:4   | Found a transporter.
 20982 | Lair:4   | Found a transporter.
 20988 | Lair:4   | Noticed MoonlitKnight's ghost (journeyman HOMo)
 21037 | Lair:4   | Killed MoonlitKnight's ghost
 21037 | Lair:4   | Reached skill level 17 in Stealth
 21589 | Lair:5   | Noticed an entropy weaver
 21604 | Lair:5   | Noticed an entropy weaver
 21810 | Lair:5   | Killed an entropy weaver
 22243 | Lair:4   | Killed an entropy weaver
 23925 | Lair:5   | Identified the Volume of the Mountains and the Oath
 24260 | Lair:6   | Entered Level 6 of the Lair of Beasts
 24308 | Lair:6   | Reached skill level 10 in Hexes
 24378 | Lair:6   | Found a staircase to the Slime Pits.
 24492 | Lair:6   | Identified the ring "Pasicoesh" {rElec rF+ rC+ MR-} (You
                  | found it on level 11 of the Dungeon)
 25084 | Lair:6   | Reached XP level 15. HP: 54/63 MP: 24/34
 25750 | Lair:6   | Reached skill level 18 in Stealth
 26118 | Orc:1    | Entered Level 1 of the Orcish Mines
 26141 | Orc:1    | Found a flagged portal.
 26161 | Bailey   | Entered a bailey
 26770 | Orc:2    | Entered Level 2 of the Orcish Mines
 27546 | Orc:2    | Found a staircase to the Elven Halls.
 27736 | Orc:2    | Found Plog's General Store.
 27736 | Orc:2    | Found Yplayl's Antique Armour Shop.
 27738 | Orc:2    | Found Ungoileh's Gadget Boutique.
 27740 | Orc:2    | Found Nisibyptal's Jewellery Shoppe.
 27774 | Orc:2    | Found a roughly hewn altar of Beogh.
 28058 | Orc:2    | Bought a scroll of identify for 28 gold pieces
 28060 | Orc:2    | Bought a sheer robe for 193 gold pieces
 28091 | Orc:2    | Shot with a bolt by an orc knight

Illustrated notes

Levels and vault maps discovered:
D:1:      giann_forest_graveyard, layout_loops_ring
D:2:      layout_basic, minmay_worlds_worst_comb, uniq_crazy_yiuf_cottage
D:3:      minmay_wonky_spiral, layout_basic, nicolae_overflow_crystal_walls,
          uniq_terence
D:4:      layout_basic, lemuel_angel_altar, uniq_menkaure
D:5:      layout_basic
D:6:      minmay_diamond_boxcup, layout_basic, minmay_temple_entry_ruins,
          serial_shops, shop
D:7:      layout_basic, hex_intersection
D:8:      cheibrodos_iron_armory, layout_loops_ring, makhleb_heckhound_becter
D:9:      layout_loops_corners, blue_anna_alchemist [blue_anna_fruit_fields,
          blue_anna_fruit_fields]
D:10:     layout_rooms, uniq_nergalle
D:11:     minmay_the_grid_octo_tiled_octocenter
          [minmay_the_grid_octo_checkerflower, minmay_the_grid_octo_empty,
          minmay_the_grid_octo_odd_swirl, minmay_the_grid_octo_fan_narrow,
          minmay_the_grid_octo_prize_ultimate_mussel_roller,
          minmay_the_grid_square_5x5_v, minmay_the_grid_square_5x5_comb,
          minmay_the_grid_square_5x5_plus,
          minmay_the_grid_square_5x5_tri_point], layout_grid_maze
D:12:     layout_layer_cave
D:13:     layout_basic, david_vaults_2, serial_shops,
          nicolae_shop_overgrown_old_shop, uniq_sonja
D:14:     layout_cave_pools, tso_altar, nicolae_water_bricks,
          serial_bayou_pond_e
D:15:     gammafunk_depths_entry_grave, layout_rooms,
          minmay_misc_feat_four_crosses, uniq_louise
Temple:   regret_index_temple_sigil_plot
Lair:1:   layout_small_grid
Lair:2:   layout_loops_ring, spider_nest_entry_funnel_web, basic_altar,
          uniq_harold
Lair:3:   layout_misc_corridors, skrybe_swamp_entry_bodies,
          minmay_lair_oklob_chamber, grunt_megastairs_3
Lair:4:   minmay_lair_venomous_thicket, layout_gridlike, gammafunk_ghost_arena,
          lemuel_fruit_tree
Lair:5:   layout_roguey, special_room [special_room_bee], zaba_anthell
Lair:6:   grunt_lair_end_beastmaster, layout_regular_city, slime_dummy
Orc:1:    layout_caves, enter_bailey_3, ebering_ghost_reflecting_pool
Orc:2:    st_orc_rangers, layout_caves, enter_volcano_1, nicolae_orc_lost_temple

Skill      XL: |  1  2  3  4  5  6  7  8  9 10 11 12 13 14 15 |
---------------+----------------------------------------------+-----
Spellcasting   | 3 4 5 6 8 9 10 12 13 14 | 14.6
Hexes          | 4 5 6 7 8 9 10 | 10.8
Stealth        | 5 6 7 9 10 11 13 15 16 17 18 | 18.2
Short Blades   | 2 3 4 5 7 8 9 10 12 13 | 13.3
Dodging        | 4 5 6 7 9 10 12 13 15 16 | 16.8
Ice Magic      | 1 2 4 5 |  5.0
Invocations    | 1 3 |  3.0
Transmutations | 4 5 6 |  6.0
Earth Magic    | 1 4 |  4.0

Action                   |  1- 3 |  4- 6 |  7- 9 | 10-12 | 13-15 || total
-------------------------+-------+-------+-------+-------+-------++-------
Melee: Dagger            |   105 |   142 |   237 |   370 |   605 ||  1459
 Cast: Corona            |     8 |     6 |       |       |       ||    14
       Ensorcelled Hiber |    15 |    26 |   116 |   165 |   381 ||   703
       Confusing Touch   |       |     1 |    12 |    23 |    13 ||    49
       Invisibility      |       |       |       |       |     4 ||     4
Invok: Shadow Step       |       |       |       |     3 |       ||     3
  Use: Scroll            |       |     7 |     5 |     6 |    16 ||    34
       Potion            |       |       |       |     1 |     1 ||     2
 Stab: Sleeping          |    26 |    46 |   107 |   173 |   311 ||   663
       Distracted        |     1 |       |     2 |     2 |     1 ||     6
       Confused          |       |     2 |    12 |    28 |    18 ||    60
       Invisible         |       |       |       |       |    32 ||    32
       Petrified         |       |       |       |       |     1 ||     1
Armor: Robe              |    14 |     7 |    13 |    11 |    25 ||    70
Dodge: Dodged            |    83 |    77 |   206 |   250 |   711 ||  1327

Table legend: (Time is in decaauts)
 A = Elapsed time spent in this place.
 B = Non-inter-level travel time spent in this place.
 C = Inter-level travel time spent in this place.
 D = Time resting spent in this place.
 E = Time spent auto-exploring this place.
 F = Levels seen in this place.
 G = Mean time per level.
                   A        B        C        D        E       F      G
               +--------+--------+--------+--------+--------+-----+--------+
         Total |  21716 |  21249 |    467 |   4128 |  12307 |  25 |  868.6 |
       Dungeon |  12957 |  12599 |    358 |   1896 |   7906 |  15 |  863.8 |
        Temple |     39 |     39 |      0 |      0 |     31 |   1 |   39.0 |
          Lair |   7087 |   6979 |    108 |   1511 |   3936 |   6 | 1181.2 |
  Orcish Mines |   1283 |   1283 |      0 |    604 |    326 |   2 |  641.5 |
        Bailey |    347 |    347 |      0 |    117 |    106 |   1 |  347.0 |
               +--------+--------+--------+--------+--------+-----+--------+

Top non-repeatable levels by time:
  Lair:5: 2201 daAuts
  Lair:4: 1352 daAuts
    D:11: 1320 daAuts
     D:7: 1190 daAuts
    D:13: 1187 daAuts
  Lair:3: 1175 daAuts
     D:6: 1121 daAuts
  Lair:6: 1060 daAuts
     D:9: 1041 daAuts
    D:12: 982 daAuts
     D:2: 980 daAuts
    D:14: 933 daAuts
     D:4: 845 daAuts
     D:1: 843 daAuts
    D:10: 825 daAuts
